Map: King's Cove LE

Players

HeroMarine - Winner!

  • Race: Terran Terran
  • Spawn Location: 11:00

Gerald

  • Race: Protoss Protoss
  • Spawn Location: 5:00

Event: 2019 WCS Spring

VOD

Have the link to the VOD?

Description

Time

  • Played on: May 18, 2019, 7:57 a.m.
  • Length: 21:06

All games in this series

Show
View Real Time Build Order
Export as new Build Order

HeroMarine Terran - Winner!

Build Orders: Gas First Reaper Expand, Mech 

Get SALT Encoding   

  12  0:00  SCV  
  13  0:12  SCV  
  14  0:17  Supply Depot  
  14  0:24  SCV  
  15  0:29  Refinery  
  15  0:39  SCV  
  16  0:45  Barracks  
  16  0:51  SCV  
  17  1:03  SCV  
  18  1:15  SCV  
  19  1:32  Reaper  
  19  1:33  Orbital Command  
  20  1:49  Command Center  
  20  1:58  Factory  
  20  2:00  SCV  
  21  2:08  Barracks Reactor  
  21  2:12  SCV  
  22  2:16  Supply Depot  
  22  2:17  Refinery  
  22  2:24  SCV  
  23  2:37  SCV  
  23  2:43  Starport  
  24  2:44  Marine x2  
  24  2:49  SCV, Widow Mine  
  29  3:01  SCV  
  29  3:02  Orbital Command  
  30  3:05  Marine x2  
  32  3:13  SCV  
  32  3:21  Factory Tech Lab  
  32  3:23  Marine x2  
  32  3:26  SCV  
  35  3:28  SCV  
  35  3:31  Viking  
  38  3:38  SCV  
  38  3:40  SCV  
  40  3:41  Supply Depot  
  40  3:45  Cyclone  
  43  3:50  SCV  
  43  3:52  SCV  
  45  3:56  Mag-Field Accelerator  
  45  4:01  Marine  
  46  4:03  SCV, Marine  
  46  4:04  SCV  
  46  4:06  Viking  
  46  4:09  Supply Depot  
  51  4:17  SCV  
  52  4:21  Cyclone  
  54  4:30  Marine x2  
  54  4:31  SCV x2  
  58  4:32  Supply Depot  
  58  4:36  Viking  
  60  4:43  SCV x2  
  62  4:54  Command Center  
  62  4:55  SCV x2, Supply Depot  
  62  4:56  Cyclone  
  67  5:02  Refinery x2  
  67  5:07  SCV x2  
  69  5:19  SCV x2  
  69  5:21  Factory  
  71  5:23  Engineering Bay  
  71  5:31  SCV x2, Factory  
  71  5:34  Cyclone  
  76  5:36  Starport Tech Lab  
  76  5:37  Supply Depot  
  76  5:43  SCV x2  
  78  5:50  Missile Turret  
  78  5:51  Armory  
  78  5:55  SCV x2  
  78  6:08  SCV x2, Siege Tank  
  83  6:14  Siege Tank  
  83  6:15  Refinery  
  83  6:16  Widow Mine  
  83  6:17  Refinery, Widow Mine  
  90  6:20  SCV x2  
  92  6:29  Supply Depot  
  92  6:30  Supply Depot  
  92  6:32  SCV x2  
  94  6:34  Supply Depot  
  94  6:40  Siege Tank  
  94  6:44  Orbital Command  
  94  6:45  SCV  
  94  6:46  SCV  
  99  6:53  Terran Vehicle And Ship Armor Level 1  
  102  6:54  Siege Tank  
  102  6:58  SCV x2, Missile Turret  
  104  7:05  Factory  
  104  7:08  Factory  
  104  7:10  SCV x2  
  104  7:11  SCV  
  104  7:14  Siege Tank  
  104  7:15  Barracks Reactor  
  110  7:19  Armory  
  110  7:25  SCV x3, Missile Turret  
  110  7:27  Siege Tank  
  116  7:38  Command Center  
  116  7:39  SCV x3  
  116  7:41  Starport Tech Lab  
  119  7:48  Supply Depot x2  
  119  7:49  Supply Depot  
  119  7:52  SCV x2  
  119  7:53  SCV  
  119  7:57  Infernal Pre-Igniter  
  122  7:59  Siege Tank  
  125  8:06  Supply Depot  
  125  8:08  Supply Depot  
  125  8:10  Siege Tank x2, Terran Vehicle Weapons Level 1  
  131  8:13  Supply Depot  
  131  8:14  Hellion x2  
  131  8:16  Hellion  
  131  8:18  Hellion  
  139  8:27  Hi-Sec Auto Tracking  
  139  8:28  Missile Turret x2  
  139  8:35  Sensor Tower  
  139  8:43  Siege Tank x3  
  139  8:45  Hellion x4  
  156  8:49  Terran Vehicle And Ship Armor Level 2  
  156  8:51  SCV x2  
  156  8:52  SCV  
  159  8:58  Refinery  
  156  9:04  SCV, Refinery  
  156  9:05  SCV x2  
  156  9:09  Planetary Fortress  
  159  9:15  Starport x2  
  159  9:28  Hellion x2  
  163  9:32  Fusion Core  
  163  9:35  Hellion x2, Supply Depot  
  163  9:36  Supply Depot  
  165  9:40  Missile Turret  
  165  9:50  Hellion x2  
  161  9:54  Starport Tech Lab x3, Command Center  
  161  9:57  Hellion x2, Command Center  
  167  10:05  Terran Ship Weapons Level 1, Sensor Tower  
  167  10:08  Missile Turret  
  163  10:22  Battlecruiser x3  
  163  10:25  Supply Depot  
  173  10:32  Thor  
  173  10:34  Thor  
  179  10:44  Thor  
  179  10:45  Hellion  
  179  10:46  Hellion  
  179  10:47  Hellion x2  
  179  10:48  Supply Depot  
  187  10:59  Weapon Refit  
  182  11:15  Thor  
  182  11:16  Orbital Command  
  182  11:17  Missile Turret, Orbital Command  
  194  11:27  Thor  
  194  11:29  Missile Turret  
  194  11:30  Missile Turret  
  194  11:32  Terran Vehicle And Ship Armor Level 3  
  192  11:33  Command Center  
  192  11:39  Battlecruiser  
  192  11:41  Hellion  
  193  11:53  Battlecruiser  
  199  11:57  Command Center  
  193  12:23  Command Center  
  193  12:26  Smart Servos  
  191  12:30  Cyclone  
  191  12:31  Cyclone  
  197  12:42  Battlecruiser  
  197  12:43  Terran Ship Weapons Level 2  
  200  12:54  Command Center  
  193  13:15  Siege Tank x2  
  199  13:45  Planetary Fortress, Orbital Command x2  
  199  13:54  Refinery  
  199  13:56  Refinery  
  199  13:57  Missile Turret  
  197  14:09  Terran Vehicle Weapons Level 2  
  197  14:10  Orbital Command  
  197  14:20  SCV, Missile Turret  
  195  14:40  Starport  
  195  14:41  Starport  
  195  14:49  Factory  
  195  14:50  Factory  
  195  14:55  Command Center  
  195  14:56  Command Center  
  193  15:00  Command Center  
  193  15:01  Terran Ship Weapons Level 3  
  191  15:09  Orbital Command  
  174  15:25  Siege Tank  
  174  15:26  Battlecruiser x2, Siege Tank x2  
  197  15:28  Battlecruiser  
  197  15:30  Hellion x2  
  189  15:41  Hellion x2  
  151  15:55  Hellion x2  
  146  15:57  Factory Tech Lab x2  
  146  15:58  Siege Tank x3  
  152  16:08  Starport Tech Lab  
  152  16:09  Orbital Command  
  152  16:10  Orbital Command  
  152  16:11  Orbital Command  
  146  16:19  Refinery  
  146  16:21  Starport Tech Lab  
  146  16:23  Hellion x2  
  146  16:24  Siege Tank x2  
  156  16:26  Hellion  
  156  16:27  Battlecruiser  
  156  16:29  Terran Vehicle Weapons Level 3  
  156  16:30  Thor, Siege Tank  
  156  16:31  Battlecruiser x2, Orbital Command  
  185  16:35  SCV  
  185  16:36  SCV, Missile Turret  
  185  16:39  SCV x3  
  190  16:42  Factory Tech Lab  
  190  16:46  Hellion x3  
  190  16:50  Sensor Tower  
  190  16:56  Thor  
  190  16:59  Siege Tank  
  199  17:08  Missile Turret  
  199  17:09  Missile Turret  
  199  17:10  Missile Turret  
  199  17:19  Hellion x4  
  196  17:30  Sensor Tower  
  196  17:33  Battlecruiser  
  183  18:11  Siege Tank  
  183  18:12  Siege Tank  
  190  18:13  Battlecruiser  
  190  18:17  Battlecruiser  
  190  18:18  Thor  
  196  18:27  Refinery  
  196  18:49  Siege Tank  
  199  19:02  Battlecruiser  
  199  19:08  Battlecruiser  
  199  19:42  Command Center  
Show
View Real Time Build Order
Export as new Build Order

Gerald Protoss 

Build Orders: 1 Gate Expand, Phoenix Opening 

Get SALT Encoding   

  12  0:00  Probe  
  13  0:12  Probe  
  14  0:18  Pylon  
  14  0:23  Probe  
  15  0:32  Probe  
  15  0:38  Gateway  
  15  0:40  Probe  
  16  0:48  Assimilator  
  17  0:53  Probe  
  18  1:05  Probe  
  19  1:17  Probe  
  20  1:25  Nexus  
  20  1:36  Cybernetics Core  
  20  1:38  Probe  
  21  1:45  Assimilator  
  21  1:50  Probe  
  22  1:55  Pylon  
  22  2:02  Probe  
  22  2:04  Adept  
  23  2:14  Probe  
  26  2:22  Stargate  
  26  2:24  Adept  
  26  2:26  Probe  
  27  2:36  Warp Gate  
  27  2:37  Probe  
  29  2:38  Probe  
  30  2:49  Probe  
  30  2:51  Probe  
  32  2:56  Adept  
  32  2:58  Phoenix  
  34  3:01  Probe  
  34  3:03  Probe  
  38  3:13  Probe  
  38  3:15  Probe  
  40  3:25  Probe  
  41  3:27  Phoenix, Probe  
  42  3:35  Pylon  
  42  3:37  Probe  
  42  3:39  Probe  
  44  3:44  Gateway x2  
  44  3:45  Phoenix  
  44  3:49  Probe  
  44  3:53  Assimilator  
  44  3:55  Probe  
  48  4:01  Assimilator  
  48  4:02  Probe  
  49  4:07  Probe  
  49  4:09  Pylon  
  50  4:14  Probe  
  51  4:17  Phoenix  
  51  4:19  Probe  
  52  4:26  Twilight Council  
  52  4:28  Forge  
  54  4:33  Probe x2  
  56  4:38  Phoenix  
  56  4:45  Probe x2  
  60  4:51  Pylon  
  60  4:53  Charge  
  60  4:55  Phoenix  
  60  4:56  Pylon  
  60  4:58  Protoss Ground Armor Level 1  
  62  5:11  Nexus  
  62  5:15  Zealot  
  62  5:16  Zealot  
  62  5:20  Zealot  
  68  5:22  Probe  
  68  5:25  Probe  
  70  5:34  Probe  
  71  5:39  Phoenix  
  71  5:40  Shield Battery  
  74  5:42  Pylon  
  74  5:45  Zealot x2  
  77  5:52  Shield Battery  
  77  5:53  Pylon  
  71  5:57  Probe x2  
  71  6:00  Robotics Facility  
  71  6:03  Zealot  
  73  6:08  Gateway  
  73  6:13  Gateway  
  73  6:14  Blink  
  73  6:16  Probe x2  
  75  6:24  Probe  
  76  6:26  Zealot x3  
  76  6:30  Probe x2  
  84  6:42  Probe x2  
  84  6:44  Probe  
  84  6:46  Robotics Facility  
  87  6:48  Pylon  
  87  6:50  Assimilator x2  
  87  6:58  Robotics Bay  
  87  6:59  Observer, Protoss Ground Weapons Level 1  
  88  7:02  Zealot x3  
  88  7:03  Probe  
  88  7:04  Probe  
  88  7:06  Probe  
  97  7:13  Pylon  
  97  7:15  Probe  
  97  7:16  Probe  
  97  7:18  Probe  
  100  7:23  Gateway  
  100  7:24  Gateway  
  100  7:27  Gateway  
  100  7:28  Probe  
  100  7:29  Stalker  
  100  7:36  Disruptor  
  99  7:39  Disruptor  
  99  7:41  Pylon  
  99  7:47  Templar Archives  
  105  7:55  Stalker x5  
  113  8:06  Pylon  
  113  8:11  Disruptor x2  
  113  8:12  Nexus  
  116  8:17  Probe  
  116  8:18  Probe  
  121  8:21  Probe  
  121  8:26  Pylon  
  122  8:30  Probe  
  123  8:37  Stalker x5  
  123  8:38  Stalker  
  135  8:43  Disruptor  
  135  8:47  Probe, Disruptor  
  139  8:52  Probe  
  142  9:08  Probe  
  142  9:09  Probe  
  144  9:14  Assimilator  
  144  9:15  Stargate  
  144  9:16  Fleet Beacon  
  144  9:18  Assimilator  
  144  9:19  Protoss Ground Weapons Level 2  
  144  9:20  Photon Cannon, Probe  
  144  9:21  Shield Battery  
  144  9:23  Observer  
  146  9:36  Immortal  
  150  9:39  Pylon  
  150  9:41  Psionic Storm  
  150  9:42  Zealot  
  150  9:43  Zealot x2  
  150  9:45  Immortal  
  160  10:00  Nexus  
  160  10:02  Photon Cannon  
  160  10:04  Zealot x3  
  166  10:07  Tempest  
  171  10:19  Pylon  
  171  10:20  Pylon  
  171  10:26  Tempest  
  169  10:29  Immortal  
  169  10:30  Probe  
  169  10:33  Pylon x2  
  172  10:35  Pylon  
  172  10:37  Probe x3, Pylon  
  172  10:41  Tempest  
  172  10:42  Pylon  
  167  11:05  Tempest  
  163  11:17  Immortal x2  
  176  11:18  Tempest  
  176  11:19  High Templar x5  
  191  11:31  Protoss Air Weapons Level 1  
  191  11:36  Zealot x3  
  194  11:57  Immortal  
  198  12:07  Protoss Ground Weapons Level 3  
  198  12:14  Gateway  
  196  12:15  Gateway  
  196  12:19  Zealot x3  
  196  12:20  Gateway  
  200  12:24  Gateway  
  200  12:25  Pylon  
  200  12:26  Pylon  
  200  12:29  Assimilator  
  200  12:33  Assimilator  
  200  12:39  Pylon  
  174  13:16  Stalker x3  
  174  13:17  Stalker x7  
  184  13:24  Stalker x3  
  162  13:27  Observer  
  162  13:28  Archon x2  
  162  13:31  Probe x2  
  162  13:33  Probe  
  161  13:34  Tempest x2  
  161  13:39  Probe x2  
  166  13:49  Zealot x7  
  166  13:50  Zealot x5, Probe x2  
  166  13:51  Probe  
  166  13:54  Probe  
  194  13:56  Probe  
  195  14:13  Probe  
  195  14:15  Tempest  
  196  14:18  Oracle  
  196  14:21  Protoss Air Weapons Level 2  
  181  14:33  Probe  
  181  14:34  Stargate  
  181  14:37  Stargate  
  180  14:39  Stalker x3  
  180  14:40  Stalker x7  
  200  14:50  Pylon  
  200  14:55  Photon Cannon  
  200  14:58  Zealot, Shield Battery  
  200  14:59  Probe x2  
  198  15:00  Probe  
  198  15:03  Probe  
  198  15:04  Probe  
  198  15:06  Nexus  
  199  15:08  Pylon  
  188  15:24  Stalker x4  
  188  15:25  Stalker x6  
  187  15:41  Tempest  
  187  15:42  Tempest x2  
  158  15:51  Probe  
  158  15:53  Tempest  
  134  15:58  Probe  
  122  16:11  Probe  
  122  16:14  Zealot x2, High Templar x3  
  122  16:15  Zealot x5, Probe, Tempest  
  131  16:19  Probe x2, Tempest  
  131  16:23  Probe  
  131  16:24  Tempest  
  131  16:25  Probe  
  146  16:41  Photon Cannon, Tempest  
  146  16:42  High Templar, Shield Battery  
  146  16:43  High Templar x6  
  146  16:47  Archon x3  
  165  16:49  Zealot  
  165  16:50  Zealot x2  
  165  16:52  Probe x3  
  174  16:57  Tempest  
  179  17:05  Pylon  
  179  17:07  Nexus  
  165  17:36  High Templar x3  
  167  17:37  Zealot x3, High Templar  
  167  17:38  Zealot x5  
  167  17:39  Nexus  
  167  17:40  Pylon  
  167  17:43  Archon  
  185  17:45  Probe  
  185  17:50  Protoss Shields Level 1  
  186  17:52  Immortal  
  190  18:03  Zealot x4  
  182  18:13  Tempest  
  182  18:17  Probe x2  
  189  18:21  Photon Cannon  
  189  18:32  Immortal  
  189  18:33  Probe  
  186  18:44  Tempest x2  
  181  18:49  Probe  
  172  18:56  Tempest  
  172  19:11  Probe  
  173  19:24  Probe x2  
  173  19:25  Probe  
  173  19:28  Nexus  
  173  19:29  Nexus  
  173  19:31  Probe  
  177  19:36  Probe  
  177  19:37  Zealot, Probe x2  
  182  19:40  Zealot  
  182  19:42  Zealot  
  182  19:43  Probe  
  187  19:52  Immortal  
  187  20:25  Zealot x6  
  164  20:49  High Templar x2  
  102  20:51  Zealot  
  102  20:52  Zealot x7, Probe  
  102  20:55  Archon  
Tags
 
Add a new tag
Caveats
  • Supply blocks, unpowered buildings, or Contaminate may cause inaccurate times.
  • Supply counts are checked every 10 seconds.